 Dungeon Crawl Stone Soup version 0.28-a0-1002-gf00fe891ef (webtiles) character file.

Game seed: 2084543473712213053

410 Umoon the Ducker (level 6, -1/48 HPs)
             Began as a Demonspawn Gladiator on Dec 6, 2021.
             Was a Follower of Okawaru.
             Slain by Crazy Yiuf (16 damage)
             ... on level 3 of the Dungeon.
             The game lasted 00:05:38 (4271 turns).

Umoon the Ducker (Demonspawn Gladiator)             Turns: 4271, Time: 00:05:39

Health: -1/48      AC:  5    Str: 16    XL:     6   Next: 58%
Magic:  6/6        EV: 12    Int: 10    God:    Okawaru [*.....]
Gold:   111        SH:  4    Dex: 14    Spells: 5/5 levels left

rFire   . . .      SeeInvis .     - Unarmed
rCold   . . .      Faith    .   (no shield)
rNeg    . . .      Spirit   .   h - +0 ring mail
rPois   .          Reflect  .   (helmet restricted)
rElec   .          Harm     .   (no cloak)
rCorr   .          Rampage  .   (no gloves)
Will    .....                   (no boots)
Stlth   +.........              i - amulet of regeneration
HPRegen 0.96/turn               (no ring)
MPRegen 0.10/turn               (no ring)

@: no status effects
A: antennae 2, spiny 1, condensation shield
a: Renounce Religion, Heroism


You were on level 3 of the Dungeon.
You worshipped Okawaru.
Okawaru was aware of your devotion.
You visited 1 branch of the dungeon, and saw 3 of its levels.

You collected 111 gold pieces.

Inventory:

Missiles
 c - 3 throwing nets (quivered)
Armour
 a - a +0 leather armour
 b - a +0 helmet
 h - a +0 ring mail (worn)
Jewellery
 i - an amulet of regeneration (around neck)
Scrolls
 d - a scroll of amnesia {unknown}
 f - a scroll of identify {unknown}
 j - a scroll of magic mapping {unknown}
 l - a scroll of fog {unknown}
Potions
 e - 2 potions of haste
 g - a potion of heal wounds


   Skills:
 + Level 4.1 Fighting
 - Level 1.7 Throwing
 + Level 3.1 Armour
 + Level 4.2 Dodging
 - Level 3.5 Unarmed Combat


You had 5 spell levels left.
You didn't know any spells.
Your spell library was empty.

Dungeon Overview and Level Annotations

Branches:
Dungeon (3/15)

Altars:
Cheibriados
Elyvilon
Okawaru
Zin

Annotations:
D:3 Crazy Yiuf


Innate Abilities, Weirdness & Mutations

You have a pair of antennae on your head.
You are partially covered in sharp spines.
A meltable shield of frost defends you. (SH +4)


Message History

There is an open door here.
A worm is nearby!
You sense a monster nearby.
Crazy Yiuf shouts!
You open the door.
Crazy Yiuf grits, "Liver illywillydillykilly tea!"
Crazy Yiuf hits you with a +4 quarterstaff of chaos!
You closely miss Crazy Yiuf. You punch Crazy Yiuf!
Your punch misses Crazy Yiuf.
Crazy Yiuf is heavily wounded.
Crazy Yiuf hits you with a +4 quarterstaff of chaos!
You blink.
Crazy Yiuf cries, "Ten!"
You hit Crazy Yiuf but do no damage.
Crazy Yiuf is moderately wounded.
Crazy Yiuf closely misses you.
You hit Crazy Yiuf.
Crazy Yiuf is heavily wounded.
You block Crazy Yiuf's attack.
You hit Crazy Yiuf but do no damage.
Crazy Yiuf is heavily wounded.
You block Crazy Yiuf's attack.
You closely miss Crazy Yiuf.
Crazy Yiuf is heavily wounded.
Crazy Yiuf hits you with a +4 quarterstaff of chaos!
You hit Crazy Yiuf but do no damage.
Crazy Yiuf is heavily wounded.
Crazy Yiuf hits you with a +4 quarterstaff of chaos.
Crazy Yiuf draws strength from your wounds!
You closely miss Crazy Yiuf.
Crazy Yiuf is heavily wounded.
Crazy Yiuf completely misses you.
You hit Crazy Yiuf.
Crazy Yiuf is heavily wounded.
Crazy Yiuf is struck by your spines. Crazy Yiuf closely misses you.
You hit Crazy Yiuf but do no damage.
Crazy Yiuf is heavily wounded.
Crazy Yiuf hits you with a +4 quarterstaff of chaos!
You convulse!
You die...

##...).≈g≈...#.####
####....#######.#
#...............#
#.......#########
######### ####
##### #..# #)..#
#..# #..@# #..# ##
#..g# #..# #. ##'##
#..# #. ♣.♣♣ #..###
#. ♣♣.♣ #....# #.
♣.♣♣ #....# #. ♣♣.♣
#....## #. ♣♣.♣♣
#.....## #. ♣♣...♣
#......## #.


You could see Crazy Yiuf.

Vanquished Creatures
  Grinder (D:3)
  An orc priest (D:3)
  An orc wizard (D:3)
  Robin (D:2)
  4 gnolls (D:2)
  5 adders (D:2)
  A dart slug (D:3)
  4 orcs (D:3)
  9 endoplasms
  11 goblins
  8 hobgoblins
  2 jackals (D:1)
  6 kobolds
  2 quokkas
  6 ball pythons
  5 bats
  A frilled lizard (D:2)
  7 rats
75 creatures vanquished.

Vanquished Creatures (others)
  A bat (D:3)
1 creature vanquished.

Grand Total: 76 creatures vanquished

Notes
Turn   | Place    | Note
-------+----------+-------------------------------------------
     0 | D:1      | Umoon the Demonspawn Gladiator began the quest for the Orb.
     0 | D:1      | Reached XP level 1. HP: 16/16 MP: 1/1
   225 | D:1      | Gained mutation: A meltable shield of frost defends you.
                  | (SH +4) [demonic ancestry]
   225 | D:1      | Reached XP level 2. HP: 16/22 MP: 2/2
  1191 | D:2      | Reached skill level 1 in Armour
  1191 | D:2      | Gained mutation: You are partially covered in sharp spines.
                  | [demonic ancestry]
  1191 | D:2      | Reached XP level 3. HP: 11/28 MP: 3/3
  1535 | D:2      | Gained mutation: You have a pair of small antennae on your
                  | head. [demonic ancestry]
  1535 | D:2      | Reached XP level 4. HP: 26/34 MP: 4/4
  1633 | D:2      | Noticed Robin
  1644 | D:2      | Killed Robin
  2427 | D:2      | HP: 1/35 [gnoll (5)]
  2490 | D:1      | Reached XP level 5. HP: 4/41 MP: 5/5
  3215 | D:3      | Found an iron altar of Okawaru.
  3303 | D:3      | Became a worshipper of Warmaster Okawaru
  3786 | D:3      | Found a faded altar of an unknown god.
  3909 | D:3      | Noticed Grinder
  3912 | D:3      | Paralysed by Grinder for 6 turns
  3924 | D:3      | Paralysed by Grinder for 3 turns
  3931 | D:3      | Killed Grinder
  3931 | D:3      | Reached * piety under Okawaru
  3932 | D:3      | Gained mutation: You have a pair of antennae on your head.
                  | [demonic ancestry]
  3932 | D:3      | Reached XP level 6. HP: 43/48 MP: 6/6
  3969 | D:3      | Found a snail-covered altar of Cheibriados.
  4083 | D:3      | Found a runed translucent door.
  4084 | D:3      | Noticed Crazy Yiuf
  4271 | D:3      | Slain by Crazy Yiuf

Illustrated notes

Levels and vault maps discovered:
D:1:      evilmike_arrival_hilbert_curve, layout_loops_ring, dk_noncrumbling_4,
          kennysheep_another_room
D:2:      layout_loops_ring, uniq_robin
D:3:      layout_basic, cheibrodos_worm_habitat, kennysheep_okawaru_gauntlet,
          mainiacjoe_overflow_24_doors, elyvilon_altar_4,
          ebering_ecumenical_altar_sacrificial, uniq_grinder,
          uniq_crazy_yiuf_cottage

Skill      XL: |  1  2  3  4  5 |
---------------+----------------+-----
Dodging        | 3 4 |  4.2
Armour         | 1 3 |  3.1
Unarmed Combat | 3 |  3.5
Fighting       | 3 4 |  4.1
Throwing       | |  1.7

Action                   |  1- 3 |  4- 6 || total
-------------------------+-------+-------++-------
Melee: Unarmed           |   147 |   127 ||   274
       Punch             |     1 |     1 ||     2
  Use: Potion            |     2 |     2 ||     4
 Stab: Sleeping          |     1 |       ||     1
Armor: Leather armour    |    34 |     6 ||    40
       Ring mail         |       |    14 ||    14
Dodge: Dodged            |    75 |    72 ||   147
Block: Other             |    18 |    18 ||    36

Table legend: (Time is in decaauts)
 A = Elapsed time spent in this place.
 B = Non-inter-level travel time spent in this place.
 C = Inter-level travel time spent in this place.
 D = Time resting spent in this place.
 E = Time spent auto-exploring this place.
 F = Levels seen in this place.
 G = Mean time per level.
                   A        B        C        D        E       F      G
               +--------+--------+--------+--------+--------+-----+--------+
         Total |   4238 |   4102 |    136 |    897 |   2407 |   3 | 1412.7 |
       Dungeon |   4238 |   4102 |    136 |    897 |   2407 |   3 | 1412.7 |
               +--------+--------+--------+--------+--------+-----+--------+

Top non-repeatable levels by time:
     D:2: 1719 daAuts
     D:1: 1433 daAuts
     D:3: 1085 daAuts
